CLEVELAND Monsters vs ROCHESTER Americans

Created - 16 décembre 2018 at 17:29

Goals
1 2 3 T
CLEVELAND Monsters 1 1 1 3
ROCHESTER Americans 1 1 0 2
Shots
1 2 3 T
CLEVELAND Monsters 8 8 12 28
ROCHESTER Americans 7 7 17 31

1st period

1. CLEVELAND Monsters , Matt Puempel 9 (Mark Fayne 6, Sergey Kalinin 11) at 16:02
2. ROCHESTER Americans , Chris Bourque 7 (Trevor van Riemsdyk 13, Jakob Chychrun 17) at 17:41

Penalties :
Tom Sestito (clb) for Holding (Minor) at 1:43, Michael Bournival (clb) for Tripping (Minor) at 12:16

2nd period

3. CLEVELAND Monsters , Luke Johnson 8 (Frank Corrado 2, Michael Bournival 9) at 1:26
4. ROCHESTER Americans , Jakob Chychrun 8 (Trevor van Riemsdyk 14, Cal O'Reilly 13) at 6:46 (PP)

Penalties :
Brent Regner (clb) for Holding (Minor) at 6:03, Tom Sestito (clb) for High sticking (Minor) at 7:00, Brent Regner (clb) for Goalie Interference (Minor) at 9:14, Filip Hronek (buf) for High sticking (Minor) at 17:59

3rd period

5. CLEVELAND Monsters , Hunter Shinkaruk 4 (Michael Bournival 10, Corey Tropp 12) at 15:18 (PP)

Penalties :
Tom Sestito (clb) for Hooking (Minor) at 1:51, Alex Lintuniemi (buf) for Delaying the game (Minor) at 9:28, Ryan Bourque (clb) for Roughing (Minor) at 12:01, Vladislav Kamenev (buf) for Hooking (Minor) at 14:33, Harri Sateri (clb) for Delaying the game (Minor) at 19:54 - Cody Goloubef served the penalty.

Goalie Stats

Harri Sateri (clb), 29 saves from 31 shots - (0,935), W, 17-6-3, 60:00 minutes
Eric Comrie (buf), 25 saves from 28 shots - (0,893), L, 16-7-3, 59:10 minutes

Players Stats for CLEVELAND Monsters

Player Name              G  A  P  +/- PIM S  H  SB GA TA FO     MP     PP MP  PK MP  
------------------------------------------------------------------------------------
Brent Regner             0  0  0   0  4   0  3  1  0  0  0/0    15:24   0:39   0:22 
Brett Seney              0  0  0   0  0   0  0  0  0  0  4/17   14:50   1:23   5:08 
Brycen Martin            0  0  0   0  0   0  0  1  0  0  0/0    14:06   0:16   0:07 
Cody Goloubef            0  0  0  -1  0   1  2  4  0  0  0/0    24:41   1:59   6:43 
Conor Garland            0  0  0   0  0   1  0  0  0  0  1/1     7:49   0:00   0:00 
Corey Tropp              0  1  1   0  0   1  2  0  0  0  0/1    11:51   2:21   0:00 
Frank Corrado            0  1  1   2  0   1  1  0  0  0  0/0    21:00   2:07   5:48 
Hunter Shinkaruk         1  0  1   1  0   2  1  0  0  0  5/21   16:31   2:01   0:00 
Kailer Yamamoto          0  0  0   0  0   3  1  0  0  0  0/0    13:08   2:22   0:00 
Luke Johnson             1  0  1   0  0   5  0  1  0  0  10/12  18:38   0:00   7:52 
Mark Fayne               0  1  1   2  0   1  0  0  0  0  0/0    20:22   2:26   5:36 
Matt Puempel             1  0  1   1  0   3  1  0  0  0  2/2    16:11   2:06   0:29 
Michael Bournival        0  2  2   0  2   2  1  1  0  0  0/0    16:53   2:21   3:23 
Ryan Bourque             0  0  0   0  2   1  2  0  0  0  0/0     7:48   0:00   0:00 
Ryan Kujawinski          0  0  0   0  0   3  1  0  0  0  7/13    9:52   0:16   0:06 
Sergey Kalinin           0  1  1   1  0   1  0  1  0  0  12/17  22:07   1:19   6:18 
Tom Sestito              0  0  0   0  6   1  3  0  0  0  0/2    11:56   0:00   2:08 
Tucker Poolman           0  0  0  -1  0   2  0  1  0  0  0/0    24:04   1:59   6:48 

Players Stats for ROCHESTER Americans

Player Name              G  A  P  +/- PIM S  H  SB GA TA FO     MP     PP MP  PK MP  
------------------------------------------------------------------------------------
Aleksi Saarela           0  0  0   0  0   1  2  0  0  0  2/10   13:03   0:00   0:00 
Alex Lintuniemi          0  0  0   0  2   0  1  1  0  0  0/0    12:53   0:00   0:35 
Blake Hillman            0  0  0  -2  0   2  0  1  0  0  0/0    21:25   5:44   1:43 
Cal O'Reilly             0  1  1   1  0   3  2  0  0  0  17/26  23:30   6:12   1:49 
Calle Rosen              0  0  0  -2  0   1  0  1  0  0  0/0    21:31   5:44   1:49 
Chris Bourque            1  0  1   1  0   1  0  0  0  0  2/2    18:15   6:22   1:26 
Denis Gurianov           0  0  0  -2  0   3  1  0  0  0  1/1    19:11   6:20   0:00 
Filip Hronek             0  0  0   0  2   0  1  0  0  0  0/0    12:18   0:00   0:00 
Jakob Chychrun           1  1  2   1  0   2  2  1  0  0  0/0    25:44   6:58   2:28 
Joel Vermin              0  0  0   0  0   2  0  0  0  0  1/1    13:03   0:00   0:00 
Kyle Criscuolo           0  0  0   0  0   0  0  0  0  0  2/4     6:14   0:00   0:00 
Magnus Paajarvi          0  0  0   1  0   5  0  0  0  0  4/7    26:57   6:08   1:56 
Michael Mersch           0  0  0  -1  0   0  1  0  0  0  0/0    25:15   6:20   2:29 
Reid Duke                0  0  0   0  0   0  0  0  0  0  1/2     2:10   0:00   1:36 
Ryan Fitzgerald          0  0  0  -1  0   0  0  0  0  0  0/0     1:32   0:00   0:00 
Sean Malone              0  0  0   0  0   1  1  0  0  0  2/3     7:22   0:24   0:36 
Trevor van Riemsdyk      0  2  2   1  0   6  0  1  0  0  0/0    25:41   6:58   2:25 
Vladislav Kamenev        0  0  0  -2  2   4  2  0  0  0  13/30  19:10   6:20   0:00 

3 Stars

1 - Jakob Chychrun (buf)
2 - Matt Puempel (clb)
3 - Hunter Shinkaruk (clb)

Power Play

CLEVELAND Monsters - 1 on 3 Attempt(s) - 33,33%
ROCHESTER Americans - 1 on 8 Attempt(s) - 12,50%

Penalty Kill

CLEVELAND Monsters - 7 on 8 Attempt(s) - 87,50% - Score 0 goal in Penalty Kill
ROCHESTER Americans - 2 on 3 Attempt(s) - 66,67% - Score 0 goal in Penalty Kill

Team Stat

CLEVELAND Monsters - Hits : 18 - Faceoff Wins : 41 - Blocked Shots : 10 - Penalty Minutes : 16
ROCHESTER Americans - Hits : 13 - Faceoff Wins : 45 - Blocked Shots : 5 - Penalty Minutes : 6

Official

Referees : Unknown
Linesman : Unknown

Game Notes

No Game Note

CLEVELAND Monsters

5 vs 5 Forward 
   Center                   Left Wing                Right Wing               Time % Phy DF OF 
 1 Hunter Shinkaruk         Matt Puempel             Sergey Kalinin           40     0   2  3  
 2 Luke Johnson             Michael Bournival        Kailer Yamamoto          30     0   2  3  
 3 Ryan Kujawinski          Tom Sestito              Corey Tropp              20     0   4  1  
 4 Brett Seney              Ryan Bourque             Conor Garland            10     0   5  0  

5 vs 5 Defense 
   Defense                  Defense                                           Time % Phy DF OF 
 1 Tucker Poolman           Cody Goloubef                                     40     0   3  2  
 2 Frank Corrado            Mark Fayne                                        30     0   3  2  
 3 Brent Regner             Brycen Martin                                     20     0   4  1  
 4 Tucker Poolman           Cody Goloubef                                     10     0   4  1  

PowerPlay Forward 
   Center                   Left Wing                Right Wing               Time % Phy DF OF 
 1 Sergey Kalinin           Matt Puempel             Kailer Yamamoto          60     0   1  4  
 2 Hunter Shinkaruk         Michael Bournival        Corey Tropp              40     0   1  4  

PowerPlay Defense
   Defense                  Defense                                           Time % Phy DF OF 
 1 Tucker Poolman           Cody Goloubef                                     60     0   2  3  
 2 Frank Corrado            Mark Fayne                                        40     0   2  3  

Penalty Kill 4 Players Forward 
   Center                   Wing                     Time % Phy DF OF 
 1 Sergey Kalinin           Luke Johnson             60     0   4  1  
 2 Brett Seney              Michael Bournival        40     0   5  0  

Penalty Kill 4 Players Defense
   Defense                  Defense                  Time % Phy DF OF 
 1 Tucker Poolman           Cody Goloubef            60     0   5  0  
 2 Frank Corrado            Mark Fayne               40     0   5  0  

Penalty Kill - 3 Players Forward 
   Forward                                           Time % Phy DF OF 
 1 Sergey Kalinin                                    60     0   5  0  
 2 Brett Seney                                       40     0   5  0  

Penalty Kill - 3 Players Defense
   Defense                  Defense                  Time % Phy DF OF 
 1 Tucker Poolman           Cody Goloubef            60     0   5  0  
 2 Frank Corrado            Mark Fayne               40     0   5  0  

4 vs 4 Forward 
   Center                   Wing                     Time % Phy DF OF 
 1 Luke Johnson             Kailer Yamamoto          60     0   2  3  
 2 Sergey Kalinin           Matt Puempel             40     0   3  2  

4 vs 4 Defense
   Defense                  Defense                  Time % Phy DF OF 
 1 Tucker Poolman           Cody Goloubef            60     0   3  2  
 2 Frank Corrado            Mark Fayne               40     0   3  2  

Last Minutes Offensive
   Center                   Left Wing                Right Wing               Defense                  Defense                  
   Sergey Kalinin           Matt Puempel             Kailer Yamamoto          Tucker Poolman           Cody Goloubef            

Last Minutes Defensive
   Center                   Left Wing                Right Wing               Defense                  Defense                  
   Hunter Shinkaruk         Michael Bournival        Sergey Kalinin           Frank Corrado            Cody Goloubef            

Goaltenders
Starting : Harri Sateri             
Backup : Michael Hutchinson       

Extra Forwards
Normal : Brett Seney, Ryan Kujawinski, Tom Sestito - PP : Brett Seney, Ryan Kujawinski - PK : Tom Sestito
Extra Defensemen
Normal : Frank Corrado, Brent Regner, Brycen Martin - PP : Mark Fayne - PK : Mark Fayne, Frank Corrado
Penalty Shots
Matt Puempel, Corey Tropp, Michael Bournival, Tucker Poolman, Hunter Shinkaruk

ROCHESTER Americans

5 vs 5 Forward 
   Center                   Left Wing                Right Wing               Time % Phy DF OF 
 1 Cal O'Reilly             Magnus Paajarvi          Chris Bourque            40     1   2  2  
 2 Vladislav Kamenev        Michael Mersch           Denis Gurianov           30     1   2  2  
 3 Aleksi Saarela           Joel Vermin              Magnus Paajarvi          20     1   2  2  
 4 Kyle Criscuolo           Michael Mersch           Cal O'Reilly             10     1   2  2  

5 vs 5 Defense 
   Defense                  Defense                                           Time % Phy DF OF 
 1 Trevor van Riemsdyk      Jakob Chychrun                                    40     1   2  2  
 2 Calle Rosen              Blake Hillman                                     30     1   2  2  
 3 Alex Lintuniemi          Filip Hronek                                      20     1   2  2  
 4 Trevor van Riemsdyk      Jakob Chychrun                                    10     1   2  2  

PowerPlay Forward 
   Center                   Left Wing                Right Wing               Time % Phy DF OF 
 1 Cal O'Reilly             Magnus Paajarvi          Chris Bourque            60     1   2  2  
 2 Vladislav Kamenev        Michael Mersch           Denis Gurianov           40     1   2  2  

PowerPlay Defense
   Defense                  Defense                                           Time % Phy DF OF 
 1 Trevor van Riemsdyk      Jakob Chychrun                                    60     1   2  2  
 2 Calle Rosen              Blake Hillman                                     40     1   2  2  

Penalty Kill 4 Players Forward 
   Center                   Wing                     Time % Phy DF OF 
 1 Magnus Paajarvi          Michael Mersch           60     1   2  2  
 2 Cal O'Reilly             Chris Bourque            40     1   2  2  

Penalty Kill 4 Players Defense
   Defense                  Defense                  Time % Phy DF OF 
 1 Trevor van Riemsdyk      Jakob Chychrun           60     1   2  2  
 2 Calle Rosen              Blake Hillman            40     1   2  2  

Penalty Kill - 3 Players Forward 
   Forward                                           Time % Phy DF OF 
 1 Magnus Paajarvi                                   60     1   2  2  
 2 Michael Mersch                                    40     1   2  2  

Penalty Kill - 3 Players Defense
   Defense                  Defense                  Time % Phy DF OF 
 1 Trevor van Riemsdyk      Jakob Chychrun           60     1   2  2  
 2 Calle Rosen              Blake Hillman            40     1   2  2  

4 vs 4 Forward 
   Center                   Wing                     Time % Phy DF OF 
 1 Magnus Paajarvi          Michael Mersch           60     1   2  2  
 2 Cal O'Reilly             Chris Bourque            40     1   2  2  

4 vs 4 Defense
   Defense                  Defense                  Time % Phy DF OF 
 1 Trevor van Riemsdyk      Jakob Chychrun           60     1   2  2  
 2 Calle Rosen              Blake Hillman            40     1   2  2  

Last Minutes Offensive
   Center                   Left Wing                Right Wing               Defense                  Defense                  
   Cal O'Reilly             Magnus Paajarvi          Chris Bourque            Trevor van Riemsdyk      Jakob Chychrun           

Last Minutes Defensive
   Center                   Left Wing                Right Wing               Defense                  Defense                  
   Cal O'Reilly             Magnus Paajarvi          Chris Bourque            Trevor van Riemsdyk      Jakob Chychrun           

Goaltenders
Starting : Eric Comrie              
Backup : Cal Petersen             

Extra Forwards
Normal : Sean Malone, Ryan Fitzgerald, Reid Duke - PP : Sean Malone, Ryan Fitzgerald - PK : Reid Duke
Extra Defensemen
Normal : Alex Lintuniemi, Filip Hronek, Calle Rosen - PP : Alex Lintuniemi - PK : Filip Hronek, Calle Rosen
Penalty Shots
Magnus Paajarvi, Michael Mersch, Cal O'Reilly, Chris Bourque, Vladislav Kamenev


% Time on Ice - CLEVELAND Monsters

Lines # - Real PCT - Wanted PCT - Time Play
Normal Forward
1 - 33% - 40% - 13:36
2 - 26% - 30% - 10:46
3 - 23% - 20% - 9:30
4 - 19% - 10% - 7:49
Normal Defense
1 - 36% - 40% - 14:56
2 - 30% - 30% - 12:41
3 - 33% - 20% - 13:43
4 - 1% - 10% - 0:21
PP Forward
1 - 50% - 60% - 2:22
2 - 50% - 40% - 2:21
PP Defense
1 - 42% - 60% - 1:59
2 - 58% - 40% - 2:44
PK Forward
1 - 66% - 60% - 8:21
2 - 34% - 40% - 4:21
PK Defense
1 - 56% - 60% - 7:04
2 - 44% - 40% - 5:38
PK3 Forward
1 - 0% - 60%
2 - 0% - 40%
PK3 Defense
1 - 0% - 60%
2 - 0% - 40%
44 Forward
1 - 0% - 60%
2 - 0% - 40%
44 Defense
1 - 0% - 60%
2 - 0% - 40%
Last Minute Offensive  - 0:00
Last Minute Defensive  - 0:54
Total
Forward - 60:00
Defense - 60:00

% Time on Ice - ROCHESTER Americans

Lines # - Real PCT - Wanted PCT - Time Play
Normal Forward
1 - 23% - 40% - 9:51
2 - 31% - 30% - 12:51
3 - 31% - 20% - 13:03
4 - 15% - 10% - 6:14
Normal Defense
1 - 36% - 40% - 15:16
2 - 33% - 30% - 13:58
3 - 29% - 20% - 12:19
4 - 1% - 10% - 0:26
PP Forward
1 - 50% - 60% - 6:22
2 - 50% - 40% - 6:20
PP Defense
1 - 55% - 60% - 6:58
2 - 45% - 40% - 5:44
PK Forward
1 - 74% - 60% - 3:30
2 - 26% - 40% - 1:13
PK Defense
1 - 64% - 60% - 3:00
2 - 36% - 40% - 1:43
PK3 Forward
1 - 0% - 60%
2 - 0% - 40%
PK3 Defense
1 - 0% - 60%
2 - 0% - 40%
44 Forward
1 - 0% - 60%
2 - 0% - 40%
44 Defense
1 - 0% - 60%
2 - 0% - 40%
Last Minute Offensive  - 0:36
Last Minute Defensive  - 0:00
Total
Forward - 60:00
Defense - 60:00

Play by Play

1st period


0:01 of 1st period - Magnus Paajarvi wins face-off versus Hunter Shinkaruk in neutral zone.
0:25 of 1st period - Shot by Matt Puempel.
0:25 of 1st period - Shot Misses the Net.
1:13 of 1st period - Shot by Blake Hillman.
1:13 of 1st period - Shot Misses the Net.
1:15 of 1st period - Shot by Blake Hillman.
1:15 of 1st period - Shot Hit the Post.
1:17 of 1st period - Shot by Vladislav Kamenev.
1:17 of 1st period - Shot Misses the Net.
1:27 of 1st period - Icing by Denis Gurianov.
1:28 of 1st period - Ryan Kujawinski wins face-off versus Vladislav Kamenev in ROCHESTER Americans zone.
1:43 of 1st period - Minor Penalty to Tom Sestito for Holding.
1:44 of 1st period - Sergey Kalinin wins face-off versus Cal O'Reilly in CLEVELAND Monsters zone.
1:50 of 1st period - Icing by Trevor van Riemsdyk.
1:51 of 1st period - Cal O'Reilly wins face-off versus Sergey Kalinin in ROCHESTER Americans zone.
1:55 of 1st period - Off-side.
1:56 of 1st period - Sergey Kalinin wins face-off versus Cal O'Reilly in neutral zone.
1:58 of 1st period - Tucker Poolman is hit by Jakob Chychrun and loses puck.
2:07 of 1st period - Shot by Luke Johnson.
2:07 of 1st period - Stopped by Eric Comrie with a rebound.
2:09 of 1st period - Shot by Luke Johnson.
2:09 of 1st period - Stopped by Eric Comrie without a rebound.
2:10 of 1st period - Vladislav Kamenev wins face-off versus Brett Seney in ROCHESTER Americans zone.
2:12 of 1st period - Jakob Chychrun is hit by Michael Bournival and loses puck.
3:18 of 1st period - Icing by Calle Rosen.
3:19 of 1st period - Sergey Kalinin wins face-off versus Cal O'Reilly in ROCHESTER Americans zone.
4:28 of 1st period - Jakob Chychrun is hit by Tom Sestito and loses puck.
5:15 of 1st period - Shot by Vladislav Kamenev.
5:15 of 1st period - Shot Misses the Net.
5:47 of 1st period - Shot by Joel Vermin.
5:47 of 1st period - Shot Misses the Net.
6:29 of 1st period - Luke Johnson is hit by Cal O'Reilly and loses puck.
7:34 of 1st period - Icing by Mark Fayne.
7:35 of 1st period - Joel Vermin wins face-off versus Hunter Shinkaruk in CLEVELAND Monsters zone.
8:14 of 1st period - Icing by Brent Regner.
8:15 of 1st period - Vladislav Kamenev wins face-off versus Luke Johnson in CLEVELAND Monsters zone.
8:26 of 1st period - Shot by Sean Malone.
8:26 of 1st period - Shot Misses the Net.
8:28 of 1st period - Shot by Filip Hronek.
8:28 of 1st period - Shot Blocked by Brent Regner.
8:30 of 1st period - Shot by Sean Malone.
8:30 of 1st period - Shot Blocked by Michael Bournival.
8:46 of 1st period - Shot by Denis Gurianov.
8:46 of 1st period - Shot Misses the Net.
9:04 of 1st period - Shot by Ryan Fitzgerald.
9:04 of 1st period - Shot Misses the Net.
9:06 of 1st period - Shot by Aleksi Saarela.
9:06 of 1st period - Stopped by Harri Sateri with a rebound.
9:51 of 1st period - Ryan Kujawinski is hit by Jakob Chychrun and loses puck.
9:58 of 1st period - Shot by Tom Sestito.
9:58 of 1st period - Shot Misses the Net.
10:00 of 1st period - Shot by Cody Goloubef.
10:00 of 1st period - Stopped by Eric Comrie with a rebound.
10:02 of 1st period - Shot by Cody Goloubef.
10:02 of 1st period - Shot Misses the Net.
10:29 of 1st period - Shot by Brett Seney.
10:29 of 1st period - Deflect By Ryan Bourque.
10:29 of 1st period - Stopped by Eric Comrie without a rebound.
10:30 of 1st period - Cal O'Reilly wins face-off versus Hunter Shinkaruk in ROCHESTER Americans zone.
10:32 of 1st period - Icing by Chris Bourque.
10:33 of 1st period - Hunter Shinkaruk wins face-off versus Cal O'Reilly in ROCHESTER Americans zone.
10:56 of 1st period - Shot by Magnus Paajarvi.
10:56 of 1st period - Shot Misses the Net.
10:58 of 1st period - Shot by Chris Bourque.
10:58 of 1st period - Shot Misses the Net.
11:26 of 1st period - Shot by Joel Vermin.
11:26 of 1st period - Stopped by Harri Sateri without a rebound.
11:27 of 1st period - Ryan Kujawinski wins face-off versus Aleksi Saarela in CLEVELAND Monsters zone.
11:43 of 1st period - Icing by Cody Goloubef.
11:44 of 1st period - Ryan Kujawinski wins face-off versus Sean Malone in CLEVELAND Monsters zone.
11:51 of 1st period - Shot by Ryan Kujawinski.
11:51 of 1st period - Shot Blocked by Trevor van Riemsdyk.
12:09 of 1st period - Shot by Trevor van Riemsdyk.
12:09 of 1st period - Stopped by Harri Sateri without a rebound.
12:10 of 1st period - Luke Johnson wins face-off versus Kyle Criscuolo in CLEVELAND Monsters zone.
12:16 of 1st period - Minor Penalty to Michael Bournival for Tripping.
12:17 of 1st period - Sergey Kalinin wins face-off versus Vladislav Kamenev in CLEVELAND Monsters zone.
13:11 of 1st period - Shot by Jakob Chychrun.
13:11 of 1st period - Shot Misses the Net.
13:13 of 1st period - Shot by Trevor van Riemsdyk.
13:13 of 1st period - Shot Misses the Net.
13:15 of 1st period - Shot by Trevor van Riemsdyk.
13:15 of 1st period - Shot Misses the Net.
13:17 of 1st period - Shot by Magnus Paajarvi.
13:17 of 1st period - Stopped by Harri Sateri without a rebound.
13:18 of 1st period - Cal O'Reilly wins face-off versus Brett Seney in CLEVELAND Monsters zone.
13:58 of 1st period - Icing by Michael Mersch.
13:59 of 1st period - Sergey Kalinin wins face-off versus Vladislav Kamenev in ROCHESTER Americans zone.
15:56 of 1st period - Shot by Matt Puempel.
15:56 of 1st period - Shot Misses the Net.
15:58 of 1st period - Shot by Sergey Kalinin.
15:58 of 1st period - Shot Misses the Net.
16:02 of 1st period - Shot by Matt Puempel.
16:02 of 1st period - Goal by Matt Puempel - CLEVELAND Monsters : 1 - ROCHESTER Americans : 0.
16:03 of 1st period - Ryan Kujawinski wins face-off versus Aleksi Saarela in neutral zone.
16:21 of 1st period - Shot by Tom Sestito.
16:21 of 1st period - Shot Misses the Net.
16:29 of 1st period - Shot by Tom Sestito.
16:29 of 1st period - Shot Misses the Net.
16:31 of 1st period - Shot by Brycen Martin.
16:31 of 1st period - Shot Blocked by Blake Hillman.
16:33 of 1st period - Shot by Tom Sestito.
16:33 of 1st period - Shot Misses the Net.
16:35 of 1st period - Shot by Ryan Kujawinski.
16:35 of 1st period - Stopped by Eric Comrie without a rebound.
16:36 of 1st period - Sergey Kalinin wins face-off versus Vladislav Kamenev in ROCHESTER Americans zone.
17:01 of 1st period - Shot by Denis Gurianov.
17:01 of 1st period - Stopped by Harri Sateri with a rebound.
17:41 of 1st period - Shot by Chris Bourque.
17:41 of 1st period - Goal by Chris Bourque - CLEVELAND Monsters : 1 - ROCHESTER Americans : 1.
17:42 of 1st period - Aleksi Saarela wins face-off versus Ryan Kujawinski in neutral zone.
17:49 of 1st period - Shot by Magnus Paajarvi.
17:49 of 1st period - Shot Misses the Net.
18:37 of 1st period - Shot by Kailer Yamamoto.
18:37 of 1st period - Stopped by Eric Comrie with a rebound.
18:39 of 1st period - Shot by Cody Goloubef.
18:39 of 1st period - Shot Misses the Net.
18:41 of 1st period - Shot by Tucker Poolman.
18:41 of 1st period - Stopped by Eric Comrie without a rebound.
18:42 of 1st period - Conor Garland wins face-off versus Cal O'Reilly in ROCHESTER Americans zone.
19:10 of 1st period - Shot by Sean Malone.
19:10 of 1st period - Stopped by Harri Sateri without a rebound.
19:11 of 1st period - Hunter Shinkaruk wins face-off versus Vladislav Kamenev in CLEVELAND Monsters zone.
Goals for this period are 1 for CLEVELAND Monsters vs 1 for ROCHESTER Americans.
Shots for this period are 8 for CLEVELAND Monsters vs 7 for ROCHESTER Americans.

2nd period


0:01 of 2nd period - Cal O'Reilly wins face-off versus Hunter Shinkaruk in neutral zone.
0:37 of 2nd period - Icing by Cody Goloubef.
0:38 of 2nd period - Hunter Shinkaruk wins face-off versus Vladislav Kamenev in CLEVELAND Monsters zone.
0:38 of 2nd period - Hunter Shinkaruk is hit by Denis Gurianov.
1:12 of 2nd period - Shot by Michael Bournival.
1:12 of 2nd period - Shot Hit the Post.
1:16 of 2nd period - Shot by Luke Johnson.
1:16 of 2nd period - Shot Hit the Post.
1:18 of 2nd period - Shot by Frank Corrado.
1:18 of 2nd period - Shot Hit the Post.
1:20 of 2nd period - Shot by Luke Johnson.
1:20 of 2nd period - Shot Misses the Net.
1:24 of 2nd period - Shot by Luke Johnson.
1:24 of 2nd period - Shot Blocked by Calle Rosen.
1:26 of 2nd period - Shot by Luke Johnson.
1:26 of 2nd period - Goal by Luke Johnson - CLEVELAND Monsters : 2 - ROCHESTER Americans : 1.
1:27 of 2nd period - Aleksi Saarela wins face-off versus Ryan Kujawinski in neutral zone.
1:29 of 2nd period - Off-side.
1:30 of 2nd period - Chris Bourque wins face-off versus Ryan Kujawinski in neutral zone.
1:42 of 2nd period - Shot by Tom Sestito.
1:42 of 2nd period - Shot Misses the Net.
1:44 of 2nd period - Shot by Ryan Kujawinski.
1:44 of 2nd period - Stopped by Eric Comrie without a rebound.
1:45 of 2nd period - Brett Seney wins face-off versus Aleksi Saarela in ROCHESTER Americans zone.
1:56 of 2nd period - Alex Lintuniemi is hit by Ryan Bourque and loses puck.
2:02 of 2nd period - Brett Seney is hit by Alex Lintuniemi and loses puck.
2:05 of 2nd period - Shot by Tucker Poolman.
2:05 of 2nd period - Stopped by Eric Comrie without a rebound.
2:06 of 2nd period - Kyle Criscuolo wins face-off versus Hunter Shinkaruk in ROCHESTER Americans zone.
2:15 of 2nd period - Shot by Cal O'Reilly.
2:15 of 2nd period - Shot Misses the Net.
2:37 of 2nd period - Shot by Matt Puempel.
2:37 of 2nd period - Shot Misses the Net.
3:12 of 2nd period - Off-side.
3:13 of 2nd period - Ryan Kujawinski wins face-off versus Vladislav Kamenev in neutral zone.
3:16 of 2nd period - Shot by Ryan Kujawinski.
3:16 of 2nd period - Stopped by Eric Comrie with a rebound.
3:27 of 2nd period - Shot by Corey Tropp.
3:27 of 2nd period - Shot Blocked by Alex Lintuniemi.
4:36 of 2nd period - Shot by Luke Johnson.
4:36 of 2nd period - Stopped by Eric Comrie without a rebound.
4:37 of 2nd period - Cal O'Reilly wins face-off versus Brett Seney in ROCHESTER Americans zone.
4:49 of 2nd period - Chris Bourque is hit by Ryan Bourque and loses puck.
5:04 of 2nd period - Shot by Ryan Bourque.
5:04 of 2nd period - Shot Misses the Net.
5:06 of 2nd period - Shot by Ryan Bourque.
5:06 of 2nd period - Shot Misses the Net.
5:08 of 2nd period - Shot by Ryan Bourque.
5:08 of 2nd period - Shot Misses the Net.
5:44 of 2nd period - Shot by Matt Puempel.
5:44 of 2nd period - Stopped by Eric Comrie without a rebound.
5:45 of 2nd period - Vladislav Kamenev wins face-off versus Luke Johnson in ROCHESTER Americans zone.
5:47 of 2nd period - Icing by Michael Mersch.
5:48 of 2nd period - Luke Johnson wins face-off versus Vladislav Kamenev in ROCHESTER Americans zone.
6:03 of 2nd period - Minor Penalty to Brent Regner for Holding.
6:04 of 2nd period - Luke Johnson wins face-off versus Vladislav Kamenev in CLEVELAND Monsters zone.
6:04 of 2nd period - Frank Corrado is hit by Vladislav Kamenev.
6:32 of 2nd period - Shot by Blake Hillman.
6:32 of 2nd period - Stopped by Harri Sateri without a rebound.
6:33 of 2nd period - Cal O'Reilly wins face-off versus Brett Seney in CLEVELAND Monsters zone.
6:46 of 2nd period - Shot by Jakob Chychrun.
6:46 of 2nd period - Goal by Jakob Chychrun - CLEVELAND Monsters : 2 - ROCHESTER Americans : 2.
6:47 of 2nd period - Ryan Kujawinski wins face-off versus Aleksi Saarela in neutral zone.
6:47 of 2nd period - Ryan Kujawinski is hit by Aleksi Saarela.
7:00 of 2nd period - Minor Penalty to Tom Sestito for High sticking.
7:01 of 2nd period - Sergey Kalinin wins face-off versus Vladislav Kamenev in CLEVELAND Monsters zone.
7:07 of 2nd period - Icing by Denis Gurianov.
7:08 of 2nd period - Vladislav Kamenev wins face-off versus Sergey Kalinin in ROCHESTER Americans zone.
8:38 of 2nd period - Shot by Trevor van Riemsdyk.
8:38 of 2nd period - Stopped by Harri Sateri without a rebound.
8:39 of 2nd period - Cal O'Reilly wins face-off versus Sergey Kalinin in CLEVELAND Monsters zone.
8:42 of 2nd period - Shot by Trevor van Riemsdyk.
8:42 of 2nd period - Stopped by Harri Sateri with a rebound.
8:52 of 2nd period - Shot by Magnus Paajarvi.
8:52 of 2nd period - Shot Misses the Net.
8:54 of 2nd period - Shot by Trevor van Riemsdyk.
8:54 of 2nd period - Shot Blocked by Cody Goloubef.
8:56 of 2nd period - Shot by Jakob Chychrun.
8:56 of 2nd period - Shot Misses the Net.
8:58 of 2nd period - Shot by Cal O'Reilly.
8:58 of 2nd period - Stopped by Harri Sateri without a rebound.
8:59 of 2nd period - Sergey Kalinin wins face-off versus Vladislav Kamenev in CLEVELAND Monsters zone.
9:07 of 2nd period - Icing by Corey Tropp.
9:08 of 2nd period - Vladislav Kamenev wins face-off versus Ryan Kujawinski in CLEVELAND Monsters zone.
9:14 of 2nd period - Minor Penalty to Brent Regner for Goalie Interference.
9:15 of 2nd period - Vladislav Kamenev wins face-off versus Sergey Kalinin in CLEVELAND Monsters zone.
9:20 of 2nd period - Shot by Michael Mersch.
9:20 of 2nd period - Shot Misses the Net.
9:44 of 2nd period - Shot by Blake Hillman.
9:44 of 2nd period - Shot Blocked by Sergey Kalinin.
9:46 of 2nd period - Shot by Blake Hillman.
9:46 of 2nd period - Shot Misses the Net.
10:12 of 2nd period - Shot by Jakob Chychrun.
10:12 of 2nd period - Stopped by Harri Sateri without a rebound.
10:13 of 2nd period - Cal O'Reilly wins face-off versus Brett Seney in CLEVELAND Monsters zone.
10:14 of 2nd period - Shot by Magnus Paajarvi.
10:14 of 2nd period - Deflect By Chris Bourque.
10:14 of 2nd period - Shot Misses the Net.
10:20 of 2nd period - Shot by Trevor van Riemsdyk.
10:20 of 2nd period - Shot Misses the Net.
10:22 of 2nd period - Shot by Trevor van Riemsdyk.
10:22 of 2nd period - Stopped by Harri Sateri without a rebound.
10:23 of 2nd period - Vladislav Kamenev wins face-off versus Tom Sestito in CLEVELAND Monsters zone.
10:26 of 2nd period - Shot by Trevor van Riemsdyk.
10:26 of 2nd period - Shot Misses the Net.
10:28 of 2nd period - Shot by Jakob Chychrun.
10:28 of 2nd period - Shot Blocked by Cody Goloubef.
10:30 of 2nd period - Shot by Denis Gurianov.
10:30 of 2nd period - Shot Misses the Net.
10:32 of 2nd period - Shot by Trevor van Riemsdyk.
10:32 of 2nd period - Shot Misses the Net.
10:34 of 2nd period - Shot by Trevor van Riemsdyk.
10:34 of 2nd period - Shot Misses the Net.
10:36 of 2nd period - Shot by Michael Mersch.
10:36 of 2nd period - Deflect By Vladislav Kamenev.
10:36 of 2nd period - Shot Misses the Net.
10:46 of 2nd period - Shot by Trevor van Riemsdyk.
10:46 of 2nd period - Shot Blocked by Luke Johnson.
10:48 of 2nd period - Shot by Jakob Chychrun.
10:48 of 2nd period - Deflect By Michael Mersch.
10:48 of 2nd period - Shot Blocked by Tucker Poolman.
11:17 of 2nd period - Joel Vermin is hit by Brent Regner and loses puck.
12:11 of 2nd period - Icing by Hunter Shinkaruk.
12:12 of 2nd period - Kyle Criscuolo wins face-off versus Hunter Shinkaruk in CLEVELAND Monsters zone.
12:37 of 2nd period - Shot by Cal O'Reilly.
12:37 of 2nd period - Shot Misses the Net.
12:53 of 2nd period - Icing by Blake Hillman.
12:54 of 2nd period - Brett Seney wins face-off versus Kyle Criscuolo in ROCHESTER Americans zone.
13:09 of 2nd period - Shot by Brett Seney.
13:09 of 2nd period - Shot Misses the Net.
14:56 of 2nd period - Shot by Vladislav Kamenev.
14:56 of 2nd period - Shot Misses the Net.
14:58 of 2nd period - Shot by Sean Malone.
14:58 of 2nd period - Shot Hit the Post.
15:00 of 2nd period - Shot by Filip Hronek.
15:00 of 2nd period - Shot Misses the Net.
15:55 of 2nd period - Off-side.
15:56 of 2nd period - Cal O'Reilly wins face-off versus Hunter Shinkaruk in neutral zone.
15:56 of 2nd period - Magnus Paajarvi is hit by Matt Puempel and loses puck.
16:05 of 2nd period - Shot by Cal O'Reilly.
16:05 of 2nd period - Shot Misses the Net.
16:17 of 2nd period - Shot by Matt Puempel.
16:17 of 2nd period - Deflect By Sergey Kalinin.
16:17 of 2nd period - Stopped by Eric Comrie without a rebound.
16:18 of 2nd period - Ryan Kujawinski wins face-off versus Aleksi Saarela in ROCHESTER Americans zone.
16:29 of 2nd period - Magnus Paajarvi is hit by Ryan Kujawinski and loses puck.
17:51 of 2nd period - Conor Garland is hit by Filip Hronek and loses puck.
17:59 of 2nd period - Minor Penalty to Filip Hronek for High sticking.
18:00 of 2nd period - Reid Duke wins face-off versus Hunter Shinkaruk in ROCHESTER Americans zone.
18:09 of 2nd period - Trevor van Riemsdyk is hit by Corey Tropp and loses puck.
18:32 of 2nd period - Blake Hillman is hit by Corey Tropp and loses puck.
19:17 of 2nd period - Shot by Mark Fayne.
19:17 of 2nd period - Shot Blocked by Jakob Chychrun.
19:35 of 2nd period - Shot by Ryan Kujawinski.
19:35 of 2nd period - Shot Misses the Net.
19:37 of 2nd period - Shot by Kailer Yamamoto.
19:37 of 2nd period - Stopped by Eric Comrie without a rebound.
19:38 of 2nd period - Magnus Paajarvi wins face-off versus Brett Seney in ROCHESTER Americans zone.
19:50 of 2nd period - Icing by Brent Regner.
19:51 of 2nd period - Brett Seney wins face-off versus Magnus Paajarvi in CLEVELAND Monsters zone.
Goals for this period are 1 for CLEVELAND Monsters vs 1 for ROCHESTER Americans.
Shots for this period are 8 for CLEVELAND Monsters vs 7 for ROCHESTER Americans.

3rd period


0:01 of 3rd period - Cal O'Reilly wins face-off versus Hunter Shinkaruk in neutral zone.
0:24 of 3rd period - Shot by Cal O'Reilly.
0:24 of 3rd period - Stopped by Harri Sateri without a rebound.
0:25 of 3rd period - Luke Johnson wins face-off versus Vladislav Kamenev in CLEVELAND Monsters zone.
0:30 of 3rd period - Shot by Michael Bournival.
0:30 of 3rd period - Stopped by Eric Comrie without a rebound.
0:31 of 3rd period - Luke Johnson wins face-off versus Vladislav Kamenev in ROCHESTER Americans zone.
0:32 of 3rd period - Shot by Kailer Yamamoto.
0:32 of 3rd period - Shot Misses the Net.
0:34 of 3rd period - Shot by Kailer Yamamoto.
0:34 of 3rd period - Shot Misses the Net.
0:36 of 3rd period - Shot by Mark Fayne.
0:36 of 3rd period - Stopped by Eric Comrie without a rebound.
0:37 of 3rd period - Hunter Shinkaruk wins face-off versus Cal O'Reilly in ROCHESTER Americans zone.
1:49 of 3rd period - Icing by Blake Hillman.
1:50 of 3rd period - Vladislav Kamenev wins face-off versus Ryan Kujawinski in ROCHESTER Americans zone.
1:50 of 3rd period - Vladislav Kamenev is hit by Tom Sestito.
1:51 of 3rd period - Minor Penalty to Tom Sestito for Hooking.
1:52 of 3rd period - Cal O'Reilly wins face-off versus Brett Seney in CLEVELAND Monsters zone.
2:03 of 3rd period - Shot by Trevor van Riemsdyk.
2:03 of 3rd period - Stopped by Harri Sateri without a rebound.
2:04 of 3rd period - Sergey Kalinin wins face-off versus Vladislav Kamenev in CLEVELAND Monsters zone.
2:17 of 3rd period - Shot by Denis Gurianov.
2:17 of 3rd period - Shot Blocked by Cody Goloubef.
2:19 of 3rd period - Shot by Vladislav Kamenev.
2:19 of 3rd period - Stopped by Harri Sateri without a rebound.
2:20 of 3rd period - Cal O'Reilly wins face-off versus Brett Seney in CLEVELAND Monsters zone.
2:20 of 3rd period - Cal O'Reilly is hit by Frank Corrado.
5:28 of 3rd period - Shot by Vladislav Kamenev.
5:28 of 3rd period - Stopped by Harri Sateri without a rebound.
5:29 of 3rd period - Brett Seney wins face-off versus Aleksi Saarela in CLEVELAND Monsters zone.
5:29 of 3rd period - Brett Seney is hit by Aleksi Saarela.
5:49 of 3rd period - Shot by Conor Garland.
5:49 of 3rd period - Shot Misses the Net.
5:51 of 3rd period - Shot by Brett Seney.
5:51 of 3rd period - Deflect By Conor Garland.
5:51 of 3rd period - Shot Hit the Post.
5:57 of 3rd period - Shot by Ryan Bourque.
5:57 of 3rd period - Deflect By Conor Garland.
5:57 of 3rd period - Stopped by Eric Comrie without a rebound.
5:58 of 3rd period - Luke Johnson wins face-off versus Vladislav Kamenev in ROCHESTER Americans zone.
5:59 of 3rd period - Shot by Michael Bournival.
5:59 of 3rd period - Stopped by Eric Comrie without a rebound.
6:00 of 3rd period - Luke Johnson wins face-off versus Vladislav Kamenev in ROCHESTER Americans zone.
6:07 of 3rd period - Kailer Yamamoto is hit by Vladislav Kamenev and loses puck.
6:24 of 3rd period - Vladislav Kamenev is hit by Cody Goloubef and loses puck.
6:51 of 3rd period - Shot by Tom Sestito.
6:51 of 3rd period - Deflect By Corey Tropp.
6:51 of 3rd period - Stopped by Eric Comrie without a rebound.
6:52 of 3rd period - Cal O'Reilly wins face-off versus Hunter Shinkaruk in ROCHESTER Americans zone.
7:05 of 3rd period - Shot by Magnus Paajarvi.
7:05 of 3rd period - Stopped by Harri Sateri without a rebound.
7:06 of 3rd period - Vladislav Kamenev wins face-off versus Tom Sestito in CLEVELAND Monsters zone.
7:12 of 3rd period - Denis Gurianov is hit by Brent Regner.
7:22 of 3rd period - Shot by Denis Gurianov.
7:22 of 3rd period - Shot Misses the Net.
7:28 of 3rd period - Shot by Vladislav Kamenev.
7:28 of 3rd period - Stopped by Harri Sateri with a rebound.
7:31 of 3rd period - Michael Mersch is hit by Brent Regner and loses puck.
7:51 of 3rd period - Icing by Trevor van Riemsdyk.
7:52 of 3rd period - Cal O'Reilly wins face-off versus Hunter Shinkaruk in ROCHESTER Americans zone.
7:54 of 3rd period - Icing by Trevor van Riemsdyk.
7:55 of 3rd period - Matt Puempel wins face-off versus Cal O'Reilly in ROCHESTER Americans zone.
7:58 of 3rd period - Shot by Hunter Shinkaruk.
7:58 of 3rd period - Stopped by Eric Comrie without a rebound.
7:59 of 3rd period - Cal O'Reilly wins face-off versus Hunter Shinkaruk in ROCHESTER Americans zone.
7:59 of 3rd period - Cal O'Reilly is hit by Hunter Shinkaruk.
8:25 of 3rd period - Jakob Chychrun is hit by Cody Goloubef and loses puck.
9:07 of 3rd period - Shot by Vladislav Kamenev.
9:07 of 3rd period - Stopped by Harri Sateri without a rebound.
9:08 of 3rd period - Luke Johnson wins face-off versus Aleksi Saarela in CLEVELAND Monsters zone.
9:28 of 3rd period - Minor Penalty to Alex Lintuniemi for Delaying the game.
9:29 of 3rd period - Magnus Paajarvi wins face-off versus Brett Seney in ROCHESTER Americans zone.
9:48 of 3rd period - Shot by Frank Corrado.
9:48 of 3rd period - Stopped by Eric Comrie without a rebound.
9:49 of 3rd period - Matt Puempel wins face-off versus Cal O'Reilly in ROCHESTER Americans zone.
10:14 of 3rd period - Shot by Kailer Yamamoto.
10:14 of 3rd period - Stopped by Eric Comrie without a rebound.
10:15 of 3rd period - Hunter Shinkaruk wins face-off versus Magnus Paajarvi in ROCHESTER Americans zone.
10:28 of 3rd period - Shot by Michael Bournival.
10:28 of 3rd period - Shot Misses the Net.
10:30 of 3rd period - Shot by Mark Fayne.
10:30 of 3rd period - Shot Misses the Net.
11:07 of 3rd period - Calle Rosen is hit by Kailer Yamamoto.
12:01 of 3rd period - Minor Penalty to Ryan Bourque for Roughing.
12:02 of 3rd period - Sergey Kalinin wins face-off versus Magnus Paajarvi in CLEVELAND Monsters zone.
12:02 of 3rd period - Sergey Kalinin is hit by Cal O'Reilly.
12:54 of 3rd period - Shot by Calle Rosen.
12:54 of 3rd period - Stopped by Harri Sateri without a rebound.
12:55 of 3rd period - Vladislav Kamenev wins face-off versus Sergey Kalinin in CLEVELAND Monsters zone.
13:02 of 3rd period - Shot by Calle Rosen.
13:02 of 3rd period - Shot Misses the Net.
13:04 of 3rd period - Shot by Denis Gurianov.
13:04 of 3rd period - Stopped by Harri Sateri without a rebound.
13:05 of 3rd period - Vladislav Kamenev wins face-off versus Brett Seney in CLEVELAND Monsters zone.
13:32 of 3rd period - Shot by Blake Hillman.
13:32 of 3rd period - Stopped by Harri Sateri without a rebound.
13:33 of 3rd period - Cal O'Reilly wins face-off versus Brett Seney in CLEVELAND Monsters zone.
14:26 of 3rd period - Shot by Tom Sestito.
14:26 of 3rd period - Stopped by Eric Comrie without a rebound.
14:27 of 3rd period - Denis Gurianov wins face-off versus Brett Seney in ROCHESTER Americans zone.
14:33 of 3rd period - Minor Penalty to Vladislav Kamenev for Hooking.
14:34 of 3rd period - Sergey Kalinin wins face-off versus Reid Duke in ROCHESTER Americans zone.
14:42 of 3rd period - Shot by Kailer Yamamoto.
14:42 of 3rd period - Deflect By Matt Puempel.
14:42 of 3rd period - Shot Misses the Net.
14:44 of 3rd period - Shot by Sergey Kalinin.
14:44 of 3rd period - Deflect By Matt Puempel.
14:44 of 3rd period - Stopped by Eric Comrie without a rebound.
14:45 of 3rd period - Magnus Paajarvi wins face-off versus Corey Tropp in ROCHESTER Americans zone.
14:54 of 3rd period - Frank Corrado is hit by Michael Mersch and loses puck.
15:18 of 3rd period - Shot by Hunter Shinkaruk.
15:18 of 3rd period - Goal by Hunter Shinkaruk - CLEVELAND Monsters : 3 - ROCHESTER Americans : 2.
15:19 of 3rd period - Vladislav Kamenev wins face-off versus Brett Seney in neutral zone.
15:22 of 3rd period - Shot by Denis Gurianov.
15:22 of 3rd period - Stopped by Harri Sateri with a rebound.
16:28 of 3rd period - Shot by Cal O'Reilly.
16:28 of 3rd period - Shot Blocked by Brycen Martin.
16:55 of 3rd period - Icing by Brycen Martin.
16:56 of 3rd period - Sean Malone wins face-off versus Hunter Shinkaruk in CLEVELAND Monsters zone.
16:57 of 3rd period - Shot by Joel Vermin.
16:57 of 3rd period - Stopped by Harri Sateri without a rebound.
16:58 of 3rd period - Luke Johnson wins face-off versus Aleksi Saarela in CLEVELAND Monsters zone.
17:20 of 3rd period - Shot by Luke Johnson.
17:20 of 3rd period - Stopped by Eric Comrie without a rebound.
17:21 of 3rd period - Vladislav Kamenev wins face-off versus Ryan Kujawinski in ROCHESTER Americans zone.
17:21 of 3rd period - Vladislav Kamenev is hit by Tom Sestito.
18:13 of 3rd period - Shot by Chris Bourque.
18:13 of 3rd period - Shot Misses the Net.
18:15 of 3rd period - Shot by Magnus Paajarvi.
18:15 of 3rd period - Stopped by Harri Sateri without a rebound.
18:16 of 3rd period - Luke Johnson wins face-off versus Cal O'Reilly in CLEVELAND Monsters zone.
18:16 of 3rd period - Luke Johnson is hit by Sean Malone.
19:10 of 3rd period - ROCHESTER Americans, Eric Comrie is pulled from the net.
19:18 of 3rd period - Shot by Magnus Paajarvi.
19:18 of 3rd period - Stopped by Harri Sateri without a rebound.
19:19 of 3rd period - Chris Bourque wins face-off versus Hunter Shinkaruk in CLEVELAND Monsters zone.
19:28 of 3rd period - Shot by Chris Bourque.
19:28 of 3rd period - Deflect By Ryan Fitzgerald.
19:28 of 3rd period - Shot Misses the Net.
19:30 of 3rd period - Shot by Cal O'Reilly.
19:30 of 3rd period - Stopped by Harri Sateri without a rebound.
19:31 of 3rd period - Cal O'Reilly wins face-off versus Hunter Shinkaruk in CLEVELAND Monsters zone.
19:40 of 3rd period - Shot by Jakob Chychrun.
19:40 of 3rd period - Shot Blocked by Cody Goloubef.
19:42 of 3rd period - Shot by Trevor van Riemsdyk.
19:42 of 3rd period - Stopped by Harri Sateri without a rebound.
19:43 of 3rd period - Sean Malone wins face-off versus Hunter Shinkaruk in CLEVELAND Monsters zone.
19:54 of 3rd period - Shot by Magnus Paajarvi.
19:54 of 3rd period - Stopped by Harri Sateri without a rebound.
19:54 of 3rd period - Minor Penalty to Harri Sateri for Delaying the game.
19:55 of 3rd period - Sergey Kalinin wins face-off versus Vladislav Kamenev in CLEVELAND Monsters zone.
Goals for this period are 1 for CLEVELAND Monsters vs 0 for ROCHESTER Americans.
Shots for this period are 12 for CLEVELAND Monsters vs 17 for ROCHESTER Americans.